 Dungeon Crawl Stone Soup version 0.26-a0-812-g31a745ddcd (webtiles) character file.

Game seed: 8828339856155025560

10608 Borgoz the Fighter (level 11, 0/73 HPs)
             Began as a Gargoyle Gladiator on Dec 7, 2020.
             Was a Believer of Dithmenos.
             Killed from afar by an ice statue (11 damage)
             ... with a shard of ice
             ... in an ice cave.
             The game lasted 00:20:47 (11645 turns).

Borgoz the Fighter (Gargoyle Gladiator)            Turns: 11645, Time: 00:20:48

Health: 0/73       AC: 26    Str: 18    XL:     11   Next: 64%
Magic:  14/14      EV: 13    Int: 10    God:    Dithmenos [**....]
Gold:   656        SH:  0    Dex: 19    Spells: 12/15 levels left

rFire    . . .     SeeInvis +   a - +2 quarterstaff
rCold    . . .     Faith    .   (shield currently unavailable)
rNeg     + + .     Spirit   .   H - +0 pearl dragon scales
rPois    ∞         Reflect  .   c - +1 helmet
rElec    +         Harm     .   (no cloak)
rCorr    .         Rampage  .   (no gloves)
MR       .....                  i - +0 pair of boots
Stlth    ..........             y - amulet of the acrobat
HPRegen  0.22/turn              n - +6 ring of dexterity
MPRegen  0.14/turn              e - ring of see invisible

@: mighty, wreathed by umbra
A: negative energy resistance 1, electricity resistance, unbreathing,
petrification resistance, rot immunity, AC +8
a: Shadow Step, Renounce Religion


You were in an ice cave.
You worshipped Dithmenos.
Dithmenos was pleased with you.
You visited 3 branches of the dungeon, and saw 11 of its levels.
You also visited: Ossuary and Ice Cave.

You collected 656 gold pieces.

Inventory:

Hand Weapons
 a - a +2 quarterstaff (weapon)
 b - a +0 quarterstaff
Missiles
 d - 2 throwing nets (quivered)
Armour
 c - a +1 helmet (worn)
 i - a +0 pair of boots (worn)
 o - a +0 ring mail of fire resistance
 H - +0 pearl dragon scales (worn)
Jewellery
 e - a ring of see invisible (right hand)
 n - a +6 ring of dexterity (left hand)
 q - a +6 ring of intelligence
 t - a +6 ring of intelligence
 y - an amulet of the acrobat (around neck)
 E - an uncursed ring of wizardry
 I - an uncursed ring of magical power
Wands
 j - a wand of iceblast (10)
 p - a wand of polymorph (7)
 J - a wand of enslavement (4)
Scrolls
 h - 10 scrolls of teleportation
 r - a scroll of fog
 x - 3 scrolls of remove curse
 B - 2 scrolls of enchant armour
 C - a scroll of amnesia
Potions
 f - 2 potions of mutation
 l - 3 potions of curing
 m - 3 potions of magic
 s - 3 potions of heal wounds
 v - a potion of haste
 w - 4 potions of brilliance
 z - a potion of flight
 D - 2 potions of ambrosia
 F - a potion of resistance {unknown}
 G - a potion of cancellation


   Skills:
 * Level 10.4 Fighting
 * Level 9.9 Staves
 - Level 1.7 Throwing
 * Level 10.2 Armour
 + Level 6.1 Dodging
 + Level 2.5 Spellcasting
 + Level 2.5 Hexes


You had 12 spell levels left.
You knew the following spells:

 Your Spells              Type           Power        Failure   Level
a - Confusing Touch       Hex            #.......     69%         3

Your spell library contained the following spells:

 Spells                   Type           Power        Failure   Level
 Beastly Appendage        Tmut           #.....       67%         1
 Wereblood                Tmut           #.......     80%         2
 Gell's Gravitas          Tloc           #.........   95%         3
 Spider Form              Tmut/Pois      #.........   95%         3
 Ice Form                 Ice/Tmut       #.......     100%        4
 Petrify                  Tmut/Erth      #.......     100%        4
 Blade Hands              Tmut           #.........   100%        5
 Metabolic Englaciation   Hex/Ice        #.........   100%        5
 Yara's Violent Unravell  Hex/Tmut       #.........   100%        5


Dungeon Overview and Level Annotations

Branches:
Dungeon (8/15)             Temple (1/1) D:5            Lair (2/6) D:8
 Spider (0/4) Lair:2      Ossuary (visited)           IceCv (1/1)
  Swamp: Lair:2-4    Shoals: Lair:2-4     Snake: Lair:2-4

Altars:
Ashenzari
Cheibriados
Dithmenos
Elyvilon
Fedhas
Gozag
Hepliaklqana
Kikubaaqudgha
Makhleb
Nemelex Xobeh
Okawaru
Qazlal
Ru
Sif Muna
Trog
Uskayaw
Vehumet
Wu Jian
Xom
Yredelemnul
Zin
The Shining One

Annotations:
D:4 3 runed translucent doors, vurker's ghost, amateur GnEn
D:7 2 transporters IceCv exclusion: 3 ice statues


Innate Abilities, Weirdness & Mutations

You are resistant to torment.
Your stone body is resilient. (AC +8)
You are immune to poison.
You resist negative energy. (rN+)
You are resistant to electric shocks. (rElec)
You can survive without breathing.
You are immune to petrification.
You are immune to rotting.


Message History

The ice statue gestures.
You hit the ice statue.
The ice statue is moderately damaged.
You are engulfed in freezing vapours.
The ice statue gestures at you.
The bolt of cold hits you but does no damage.
You sock the ice statue!
The ice statue is moderately damaged.
You are engulfed in freezing vapours.
You sock the ice statue!
The ice statue is heavily damaged.
You are engulfed in freezing vapours.
* * * LOW HITPOINT WARNING * * *
You bludgeon the ice statue!!
The ice statue is almost destroyed.
You are engulfed in freezing vapours.
The ice statue glitters chillingly in the dim dungeon light.
The ice statue gestures at you. The shard of ice hits you!
You die...

############# #####
##.°..8#[.[..## ##....
##.°°°@.#......###.....
#..°..Y.#.......#......
.#.......#.......#......
.8.....Y............∩..∩
.#.......#.......#......
#.......#.......#......
##......#|.....###.....
##....8#[)...## ##....
############# #####


You could see 3 ice statues and 2 ice beasts.

Vanquished Creatures
  2 hydras (Lair:2)
  A two-headed ogre (D:8)
  An ugly thing (IceCv)
  A black mamba (Lair:1)
  An elephant (Lair:1)
  6 cane toads
  2 rime drakes
  A komodo dragon (Lair:1)
  A blink frog (Lair:1)
  7 yaks
  2 basilisks
  2 water moccasins (Lair:1)
  2 sky beasts
  An orc warrior (D:7)
  14 ice beasts
  An ogre (D:8)
  7 wolves
  An elf zombie (Ossuary)
  4 bullfrogs
  A howler monkey (D:8)
  A jelly (D:6)
  2 human zombies (Ossuary)
  5 orc wizards
  2 orc priests
  2 iguanas
  4 worker ants
  A big kobold zombie (Ossuary)
  A hound zombie (D:5)
  4 mummies (Ossuary)
  Robin (D:3)
  12 adders
  12 gnolls
  2 shadow imps
  2 white imps (D:6)
  An ufetubus (D:5)
  An adder zombie (Ossuary)
  An adder skeleton (D:4)
  A worm (D:2)
  A dart slug (D:2)
  3 leopard geckos
  22 orcs
  5 ball pythons
  12 bats
  5 giant cockroaches
  A gnoll zombie (Ossuary)
  18 goblins
  11 hobgoblins
  6 jackals (D:4)
  4 quokkas
  8 frilled lizards
  A hobgoblin zombie (Ossuary)
  A jackal zombie (Ossuary)
  4 kobolds
  2 kobold zombies (Ossuary)
  A leopard gecko zombie (D:5)
  An orc zombie (Ossuary)
  17 rats
  A rat zombie (Ossuary)
237 creatures vanquished.

Vanquished Creatures (collateral kills)
  A bullfrog (Lair:2)
1 creature vanquished.

Vanquished Creatures (others)
  2 fungi (Lair:2)
  5 plants
7 creatures vanquished.

Grand Total: 245 creatures vanquished

Notes
Turn   | Place    | Note
-------+----------+-------------------------------------------
     0 | D:1      | Borgoz the Gargoyle Gladiator began the quest for the Orb.
     0 | D:1      | Reached XP level 1. HP: 12/12 MP: 1/1
   123 | D:1      | Reached XP level 2. HP: 18/18 MP: 2/2
   223 | D:1      | Reached skill level 1 in Armour
   446 | D:1      | Reached XP level 3. HP: 22/22 MP: 3/3
   652 | D:2      | Reached XP level 4. HP: 25/28 MP: 4/4
   830 | D:2      | Found a glowing golden altar of the Shining One.
   831 | D:2      | Found a white marble altar of Elyvilon.
   833 | D:2      | Found a glowing silver altar of Zin.
  1134 | D:2      | Found a broken altar of Ashenzari.
  1134 | D:2      | Found a hazy altar of Hepliaklqana.
  1135 | D:2      | Found a shimmering blue altar of Sif Muna.
  1166 | D:2      | Found a stormy altar of Qazlal.
  1288 | D:2      | Reached XP level 5. HP: 10/32 MP: 5/5
  2175 | D:3      | Found an opulent altar of Gozag.
  2376 | D:3      | Reached XP level 6. HP: 37/38 MP: 6/6
  2575 | D:3      | Noticed Robin
  2584 | D:3      | Killed Robin
  2950 | D:3      | Found a sacrificial altar of Ru.
  2950 | D:3      | Found a shimmering altar of Xom.
  3345 | D:4      | Found a runed translucent gate.
  3346 | D:4      | Found a runed translucent gate.
  3347 | D:4      | Found a runed translucent gate.
  3347 | D:4      | Noticed vurker's ghost (amateur GnEn)
  3348 | D:4      | Identified the +8 dagger of Coihuune {venom, SInv}
  3846 | D:5      | Entered Level 5 of the Dungeon
  3866 | D:5      | Found a staircase to the Ecumenical Temple.
  3887 | Temple   | Entered the Ecumenical Temple
  4071 | Temple   | Became a worshipper of Dithmenos the Shadowed
  4415 | D:5      | Noticed a sky beast
  4422 | D:5      | Killed a sky beast
  4422 | D:5      | Reached XP level 7. HP: 36/44 MP: 7/7
  4659 | D:5      | Found a glowing silver altar of Zin.
  4661 | D:5      | Found a blossoming altar of Fedhas.
  4661 | D:5      | Found a stormy altar of Qazlal.
  4667 | D:5      | Found a glowing golden altar of the Shining One.
  4667 | D:5      | Found a shimmering altar of Xom.
  4667 | D:5      | Found a shimmering altar of Xom.
  4915 | D:6      | Reached skill level 5 in Fighting
  4915 | D:6      | Reached skill level 5 in Staves
  6153 | D:7      | Found a transporter.
  6178 | D:7      | Found a transporter.
  6283 | D:7      | Noticed a kobold demonologist
  6550 | D:7      | Found a shimmering blue altar of Sif Muna.
  6635 | D:8      | Found a staircase to the Lair.
  6660 | D:7      | Reached skill level 5 in Armour
  6660 | D:7      | Reached XP level 8. HP: 33/51 MP: 8/8
  6715 | D:8      | Found a sand-covered staircase.
  6720 | Ossuary  | Entered an ossuary
  6770 | Ossuary  | Reached * piety under Dithmenos
  7366 | D:8      | Noticed a two-headed ogre
  7378 | D:8      | Killed a two-headed ogre
  7378 | D:8      | Reached XP level 9. HP: 37/57 MP: 9/9
  7403 | D:8      | Reached ** piety under Dithmenos
  7579 | D:8      | Found a sacrificial altar of Ru.
  7972 | Lair:1   | Entered Level 1 of the Lair of Beasts
  8020 | Lair:1   | Noticed a black mamba
  8038 | Lair:1   | Killed a black mamba
  8267 | Lair:1   | Noticed a cane toad
  8322 | D:8      | Killed a cane toad
  8377 | D:8      | Reached skill level 5 in Dodging
  8377 | D:8      | Reached XP level 10. HP: 29/64 MP: 10/10
  8708 | Lair:1   | Noticed a cane toad
  8730 | Lair:1   | Killed a cane toad
  9159 | Lair:1   | Noticed a cane toad
  9169 | Lair:1   | Killed a cane toad
  9364 | Lair:1   | Noticed a cane toad
  9373 | Lair:1   | Killed a cane toad
  9573 | Lair:1   | Noticed a cane toad
  9584 | Lair:1   | Killed a cane toad
  9619 | Lair:1   | Learned a level 3 spell: Confusing Touch
  9657 | Lair:1   | Noticed an elephant
  9695 | Lair:1   | Killed an elephant
  9918 | Lair:1   | Noticed a cane toad
  9937 | Lair:1   | Reached skill level 1 in Spellcasting
  9948 | Lair:1   | Killed a cane toad
  9948 | Lair:1   | Reached skill level 1 in Hexes
  9948 | Lair:1   | Reached XP level 11. HP: 45/72 MP: 12/12
 10320 | Lair:2   | Noticed a six-headed hydra
 10333 | Lair:2   | Noticed a six-headed hydra
 10345 | Lair:2   | Killed a six-headed hydra
 10345 | Lair:2   | Reached skill level 10 in Fighting
 10365 | Lair:2   | Killed a six-headed hydra
 10460 | Lair:2   | Found a frozen archway.
 10491 | Lair:2   | Reached skill level 10 in Armour
 10569 | IceCv    | Entered an ice cave
 10879 | IceCv    | Noticed a white ugly thing
 10904 | IceCv    | Killed a white ugly thing
 11645 | IceCv    | Killed from afar by an ice statue

Illustrated notes

Levels and vault maps discovered:
D:1:      dpeg_arrival_ratfight, layout_rooms, minmay_misc_feat_hallway,
          kennysheep_decorative_pillar
D:2:      layout_loops_corners, good_gods_temple_1,
          gammafunk_temple_overflow_claw, grunt_qazlal_sundering
D:3:      layout_basic, amethyst_overflow_temple_binary, grunt_gozag_statues,
          uniq_robin
D:4:      layout_cave_pods, gammafunk_ghost_nasty_kobolds
D:5:      layout_basic, minmay_temple_entry_large_hall, doesnt_xom_only_xom
D:6:      layout_basic, kennysheep_minor_cross, hangedman_decor_push
D:7:      gammafunk_wand_slinger, layout_loops_ring, lemuel_blue_sif_altar
D:8:      layout_cave_pools, lair_entry_dummy,
          lightli_ossuary_entry_decrepit_ruins, nicolae_ru_sacrificial_ziggurat
Temple:   nicolae_temple_figure_eight
Lair:1:   layout_hall_layers, minmay_shattered_shrine
Lair:2:   layout_regular_city, spider_nest_entry_funnel_web,
          portal_ice_cave_entry_ice_beasts, grunt_megastairs_4,
          infiniplex_staircase_pool
IceCv:    ice_cave_statue_garden_chambered

Skill      XL: |  1  2  3  4  5  6  7  8  9 10 11 |
---------------+----------------------------------+-----
Armour         | 1 2 3 5 6 7 9 10 | 10.2
Fighting       | 3 4 5 7 8 9 10 | 10.4
Staves         | 4 5 6 7 9 |  9.9
Dodging        | 3 4 5 6 |  6.1
Spellcasting   | 1 2 |  2.5
Hexes          | 1 2 |  2.5
Throwing       | |  1.7

Action                   |  1- 3 |  4- 6 |  7- 9 | 10-12 || total
-------------------------+-------+-------+-------+-------++-------
Melee: Quarterstaff      |   102 |   284 |   380 |   404 ||  1170
Throw: Throwing net      |       |       |     2 |     6 ||     8
Evoke: Wand              |       |       |     3 |    23 ||    26
  Use: Scroll            |       |     5 |    17 |     7 ||    29
       Potion            |       |       |     1 |     4 ||     5
 Stab: Held in net/web   |       |       |     2 |     3 ||     5
Armor: Plate armour      |   101 |    20 |       |       ||   121
       Leather armour    |     1 |       |       |       ||     1
       Pearl dragon scal |       |   173 |    39 |    36 ||   248
       Ring mail         |       |     1 |   236 |   158 ||   395
Dodge: Dodged            |    39 |   181 |   485 |   363 ||  1068

Table legend: (Time is in decaauts)
 A = Elapsed time spent in this place.
 B = Non-inter-level travel time spent in this place.
 C = Inter-level travel time spent in this place.
 D = Time resting spent in this place.
 E = Time spent auto-exploring this place.
 F = Levels seen in this place.
 G = Mean time per level.
                   A        B        C        D        E       F      G
               +--------+--------+--------+--------+--------+-----+--------+
         Total |  11619 |  11214 |    405 |   3088 |   5913 |  13 |  893.8 |
       Dungeon |   7627 |   7249 |    378 |    726 |   5154 |   8 |  953.4 |
        Temple |    196 |    184 |     12 |      0 |    178 |   1 |  196.0 |
          Lair |   2260 |   2245 |     15 |   1305 |    487 |   2 | 1130.0 |
       Ossuary |    480 |    480 |      0 |    228 |     91 |   1 |  480.0 |
      Ice Cave |   1054 |   1054 |      0 |    829 |      3 |   1 | 1054.0 |
               +--------+--------+--------+--------+--------+-----+--------+

Top non-repeatable levels by time:
  Lair:1: 2006 daAuts
     D:2: 1391 daAuts
     D:3: 1142 daAuts
     D:8: 1129 daAuts
     D:6: 1068 daAuts
   IceCv: 1054 daAuts
     D:5: 801 daAuts
     D:7: 747 daAuts
     D:4: 711 daAuts
     D:1: 636 daAuts
 Ossuary: 480 daAuts
  Lair:2: 253 daAuts
  Temple: 196 daAuts
